Monk Dude, lawful male human Monk --------------------------------- |...............................| |.----....-----.---- --..-----..|########%############ |.|..|---.|...|.-..| ..|(((|..|# ---.- |.|..|..|.|._.-.|..| ..|(((| .|# |...| |.-|-|..|.|...|.--------.|...| .|# |...| |....|..|.|...|....-...|)--|-- .|# |.<.| -({..-|--.----|....|...|........|# #....| |..........-..|+--.-----..-----.|# ----- ###----- +....-|--..|..| |........-.!%|.|# |...| # ..-+-|..|.----| |-|--....|.!%|.|# |....#### |....|....G@m%| |...|---.-----.|[ |...| ..|....--.|@/%| |((%|..+.[......# ----- |.| .|....|.([| |((.|..........|# |.----....----- ---------.....{.. |...............................| --------------------------------- Monk Dude the Initiate Experience level: 7 Strength: 16 Dexterity: 13 Constitution: 14 Intelligence: 8 Wisdom: 12 Charisma: 12 Health: 0(48) Energy: 39(39) Def: 13 Gold: 0 Moves: 2211 Dungeon seed: sFy5SHzR1YSDqvPD Game ID: Monk Dude_1554487878 Your Inventory: Armor e - a blessed +2 pair of leather gloves (being worn) n - an uncursed +2 robe (being worn) q - a blessed +2 orcish helm (being worn) r - a blessed +0 pair of jumping boots (being worn) z - an uncursed +0 dwarvish roundshield (being worn) Comestibles d - 5 uncursed food rations f - 6 uncursed apples g - 5 uncursed oranges h - 3 uncursed fortune cookies j - 2 uncursed lichen corpses w - an uncursed candy bar Potions c - an uncursed potion of healing p - a cursed potion of enlightenment A - an uncursed potion of extra healing Wands B - a wand of striking (0:0) Tools i - a magic marker (0:76) o - an uncursed towel x - an uncursed skeleton key D - an uncursed bag of holding Contents of the bag of holding: a blessed scroll of enchant armor an uncursed scroll of light an uncursed scroll of teleportation a blessed spellbook of protection a +0 pick-axe Spells and supernatural/magical abilities: Name Level Category Fail Memory p - protection 1 clerical 58% 89% W - pray for help -- divine ? -- Y - supernatural jump -- ability ? -- Your skills at the end: Fighting Skills martial arts [Basic] Weapon Skills Spellcasting Skills healing spells [Basic] Final Attributes: You were devoutly aligned. You were sleep resistant. You were poison resistant. You were stunned. You saw invisible. You were warned. You were stealthy. You could jump. You were fast. You are dead. Vanquished creatures: a giant mimic a small mimic a giant beetle a giant spider a gnome king a gold golem a dog a gnome mummy a fire ant 4 gnome lords 3 gnomish wizards a little dog 2 dwarves a homunculus 2 hill orcs a rabid rat 2 iguanas 2 giant rats a brown mold a red mold 21 gnomes 6 garter snakes a gnome zombie 8 jackals a fox 2 kobolds 2 goblins 2 grid bugs 3 lichens a newt 76 creatures vanquished. Voluntary challenges: You followed a strict vegan diet. You had been an atheist until turn 2208. You never hit with a wielded weapon. You read items or engraved 4 times, starting on turn 1. You never genocided any monsters. You never polymorphed an object. You never changed form. You used no wishes. You never split a pudding. You never wrote Elbereth's name. You violated your moral code, losing 1 point of alignment, starting on turn 2207. Dungeon overview: The Dungeons of Doom: levels 1 to 4 Level 1 a long staircase Level 2 an armor shop, a fountain Level 3 Level 4 a fountain stairs to The Gnomish Mines The Gnomish Mines: levels 5 to 8 Level 5 stairs to The Dungeons of Doom Level 6 Level 7 Level 8 <- You were here many shops, a temple to Huan Ti, some fountains History has recorded: On T:1 you entered the Dungeons of Doom to retrieve the Amulet of Yendor! On T:230 you reached level 2 of The Dungeons of Doom. On T:337 you advanced to experience level 2. On T:412 you advanced to experience level 3. On T:491 you reached level 3 of The Dungeons of Doom. On T:763 you reached level 4 of The Dungeons of Doom. On T:805 you advanced to experience level 4. On T:1162 you reached level 1 of The Gnomish Mines. On T:1257 you advanced to experience level 5. On T:1363 you reached level 2 of The Gnomish Mines. On T:1604 you advanced to experience level 6. On T:1635 you reached level 3 of The Gnomish Mines. On T:1798 you reached level 4 of The Gnomish Mines. On T:2095 you advanced to experience level 7. Score breakdown: Gold: 0 ( 0 points) Experience: 7 levels (13645 points) Exploration: 8 levels ( 15.38%) (11114 points) Discoveries: 6 items ( 2.14%) ( 4391 points) Valuables value: (no points given unless you survive) Artifact value: 0 ( 0 points) Variety of kills: 30 monsters ( 7.87%) ( 8418 points) Turncount: 2211 turns ( -149 points) Survival: died (score multiplied by 80%) Total score: 29935 Latest messages: Kipawa zaps a wand of striking! The wand misses you. Kipawa zaps a wand of striking! The wand hits you! You begin praying to Shan Lai Ching. You are surrounded by a shimmering light. The gnomish wizard starts to attack you, but pulls back. Kipawa starts to attack you, but pulls back. The gnomish wizard starts to attack you, but pulls back. The small mimic starts to attack you, but pulls back. Kipawa starts to attack you, but pulls back. (2x) The gnomish wizard starts to attack you, but pulls back. Kipawa starts to attack you, but pulls back. The gnomish wizard starts to attack you, but pulls back. You feel that Shan Lai Ching is well-pleased. You attack thin air. The gnomish wizard points at you, then curses. Kipawa zaps a wand of striking! The wand hits you! You die... Kipawa takes all your possessions. Final status: Goodbye Monk Dude the Monk, killed by a wand... You died in The Gnomish Mines on dungeon level 8 with 29935 points, and 0 pieces of gold, after 2211 moves. You were level 7 with a maximum of 48 hit points when you died.